 Dungeon Crawl Stone Soup version 0.24-a0-464-g6b2be6b8c7 (webtiles) character file.

Game seed: 6157002947665664972

33380 kazar the Protected (level 14, -7/108 (111) HPs)
             Began as a Formicid Venom Mage on July 3, 2019.
             Was a High Priest of Qazlal.
             Mangled by a two-headed ogre
             ... wielding a cursed -1 giant spiked club
             ... summoned by Jorgrun
              (8 damage)
             ... while petrified by Jorgrun
             ... on level 15 of the Dungeon.
             The game lasted 01:31:23 (19814 turns).

kazar the Protected (Formicid Venom Mage)          Turns: 19814, Time: 01:31:25

HP:   -7/108 (111)  AC: 26    Str: 22      XL:     14   Next: 7%
MP:   25/25         EV: -1    Int: 12 (14) God:    Qazlal [*****.]
Gold: 1033          SH:  0    Dex:  8 (9)  Spells: 15/27 levels left

rFire    + + .     SeeInvis +   S - +8 war axe of Ascent {holy, Str+3}
rCold    + . .     Gourm    .   Q - +0 shield
rNeg     + + +     Faith    .   n - +0 fire dragon scales
rPois    ∞         Spirit   .   (helmet unavailable)
rElec    .         Reflect  .   x - +1 cloak {MR+}
rCorr    .         Harm     .   d - +2 pair of gloves
MR       ++...                  o - +2 pair of boots
Stlth    ..........             I - amulet of regeneration
HPRegen  0.68/turn              F - ring of protection from cold
MPRegen  0.19/turn              P - ring of protection from cold

@: petrified, grasped by roots, protected from physical damage, constricted,
repel missiles
A: permanent stasis, dig shafts and tunnels, four strong arms, antennae 3,
rugged brown scales 1, clumsy 1, deterioration 1, screaming 1
a: Dig, Shaft Self, Upheaval, Elemental Force, Disaster Area, Renounce Religion


You were on level 15 of the Dungeon.
You worshipped Qazlal.
Qazlal was extremely pleased with you.
You were hungry.

You visited 2 branches of the dungeon, and saw 16 of its levels.
You also visited: Ossuary.

You collected 1033 gold pieces.

Inventory:

Hand Weapons
 b - a +2 flail of holy wrath
 e - a +0 halberd
 z - a +2 whip of flaming
 R - a +9 battleaxe of electrocution
 S - the +8 war axe of Ascent (weapon) {holy, Str+3}
   (You found it on level 13 of the Dungeon)

   It has been blessed by the Shining One to cause great damage to the undead
   and demons.
   It affects your strength (+3).
Missiles
 y - 4 javelins (quivered)
 A - 3 boomerangs
Armour
 d - a +2 pair of gloves (worn)
 n - +0 fire dragon scales (worn)
 o - a +2 pair of boots (worn)
 x - a +1 cloak of magic resistance (worn)
 Q - a +0 shield (worn)
Magical Staves
 M - an uncursed staff of air {unknown}
Jewellery
 w - a +4 ring of dexterity
 F - a ring of protection from cold (left hand)
 I - an amulet of regeneration (around neck)
 L - an uncursed ring of fire
 O - an uncursed ring of stealth
 P - a ring of protection from cold (right hand)
Wands
 m - a wand of random effects (17)
 p - a wand of flame (25)
 E - a wand of disintegration (19)
 J - a wand of iceblast (4)
 N - a wand of enslavement (8)
Scrolls
 g - 3 scrolls of magic mapping
 h - 3 scrolls of immolation
 k - 3 scrolls of fog
 l - a scroll of identify
 r - 10 scrolls of remove curse
 t - 2 scrolls of amnesia
Potions
 f - a potion of brilliance
 i - 5 potions of flight
 j - 5 potions of heal wounds
 q - 3 potions of lignification
 s - a potion of degeneration {unknown}
 u - 9 potions of curing
 B - 2 potions of agility
 C - 2 potions of ambrosia
 G - a potion of might
 H - a potion of resistance
 K - 2 potions of magic
Miscellaneous
 v - a phantom mirror
Comestibles
 c - 33 rations


   Skills:
 + Level 9.3 Fighting
   Level 4.1 Short Blades
 * Level 10.7(10.8) Axes
 - Level 2.1(7.1) Maces & Flails
 - Level 12.0 Armour
 - Level 1.7 Dodging
 - Level 2.4 Stealth
 - Level 9.0 Shields
 - Level 7.4 Spellcasting
 - Level 3.2 Conjurations
 - Level 4.3 Air Magic
 - Level 9.0 Poison Magic
 * Level 5.0 Invocations


You had 15 spell levels left.
You knew the following spells:

 Your Spells              Type           Power        Failure   Level  Hunger
a - Conjure Flame         Conj/Fire      #.......     52%         3    ###....
b - Poisonous Vapours     Pois/Air       ###...       3%          2    #......
c - Mephitic Cloud        Conj/Pois/Air  ###.....     12%         3    ###....
d - Olgreb's Toxic Radia  Pois           ####....     10%         4    ####...

Your spell library contained the following spells:

 Spells                   Type           Power        Failure   Level  Hunger
 Sting                    Conj/Pois      ###.         3%          1    None
 Magic Dart               Conj           ##..         10%         1    None
 Spider Form              Tmut/Pois      ###.......   19%         3    ###....
 Static Discharge         Conj/Air       ##......     24%         3    ###....
 Beastly Appendage        Tmut           #.....       36%         1    None
 Corona                   Hex            #......      36%         1    None
 Call Imp                 Summ           #.......     50%         2    #......
 Slow                     Hex            #.......     50%         2    #......
 Sticks to Snakes         Tmut           #.......     50%         2    #......
 Venom Bolt               Conj/Pois      ###.......   65%         5    ######.
 Inner Flame              Hex/Fire       #.......     75%         3    ###....
 Portal Projectile        Hex/Tloc       #.....       75%         3    ###....
 Lightning Bolt           Conj/Air       ##........   92%         5    ######.
 Cause Fear               Hex            #.........   98%         4    ####...
 Ice Form                 Ice/Tmut       #.......     98%         4    ####...
 Leda's Liquefaction      Hex/Erth       #.........   98%         4    ####...
 Blade Hands              Tmut           #.........   100%        5    ######.
 Ignition                 Fire           #.........   100%        8    #######
 Shatter                  Erth           #.........   100%        9    #######
 Tornado                  Air            ##........   100%        9    #######
 Blink                    Tloc           Unusable     N/A         2    N/A

Dungeon Overview and Level Annotations

Branches:
Dungeon (15/15)            Temple (1/1) D:6            Lair (0/6) D:9
    Orc (0/2) D:10         Vaults (0/5) D:14
 Depths: D:15

Altars:
Cheibriados
Fedhas
Gozag
Hepliaklqana
Makhleb
Nemelex Xobeh
Okawaru
Qazlal
Ru
Sif Muna
Trog
Uskayaw
Vehumet
Wu Jian
Xom
Yredelemnul
Zin
The Shining One

Shops:
D:12 [

Annotations:
D:3 3 runed translucent doors, exclusion: downstairs, asdu's ghost, weakling DsAE
D:4 exclusion: downstairs
D:5 Grinder
D:10 exclusion: downstairs
D:11 exclusion: downstairs
D:15 Jorgrun


Innate Abilities, Weirdness & Mutations

You cannot be hasted, slowed, berserked, paralysed or teleported.
You can dig through walls and to a lower floor.
Your four strong arms can wield two-handed weapons with a shield.
You have a pair of large antennae on your head. (SInv)
You are partially covered in rugged brown scales. (AC +1, +3% HP)
You are clumsy. (Dex -2)
Your body sometimes deteriorates upon taking damage.
You occasionally shout uncontrollably at your foes.


Message History

The blast of cold hits you!! You resist.
Jorgrun points at you and mumbles some strange words.
The iron shot hits you!!!
* * * LOW HITPOINT WARNING * * *
Your body deteriorates!
You feel dopey.
* * * LOW HITPOINT WARNING * * *
The grasping roots constrict you! The ice dragon bites you!
* * * LOW HITPOINT WARNING * * *
The ice dragon claws you but does no damage.
The ice dragon tramples you but does no damage.
Jorgrun points at you and mumbles some strange words.
The iron shot hits you!!
* * * LOW HITPOINT WARNING * * *
x2 The grasping roots constrict you!
The manticore flicks its tail.
The volley of spikes hits you but does no damage.
You feel more protected from physical attacks.
The two-headed ogre hits you with a cursed -1 giant spiked club!
You die...

..........#.......
..........#.......
..........#.......
.........#.......
#.......#.......
#.......#.......
#....§§.#.......
..#..HgDO.........
.......@.§........
.....###.°.....(..
.$.. #.###......
... #.# ...... ..
#.# ...... . #.#
..... #.# ..... .#


You could see Jorgrun, an ice dragon, a two-headed ogre and a manticore.

Vanquished Creatures
  2 death knights
  2 centaur warriors
  6 two-headed ogres
  Urug (D:10)
  6 skeletal warriors
  An unseen horror (D:14)
  Pikel (D:4)
  A necromancer (D:14)
  A deep elf mage (D:11)
  2 cyclopes
  7 ugly things
  3 manticores
  Maurice (D:10)
  A black mamba (shapeshifter) (D:14)
  3 centaur skeletons
  A gargoyle (D:14)
  A jumping spider (shapeshifter) (D:15)
  4 trolls
  A hornet (D:13)
  5 slime creatures (D:12)
  3 hippogriffs
  A spriggan (D:9)
  13 yaks
  3 wyverns
  A wraith (D:11)
  A steam dragon (D:11)
  2 wargs (D:9)
  Menkaure (Ossuary)
  An acid dragon (D:15)
  8 ice beasts
  2 slaves (D:4)
  7 orc warriors
  A hornet zombie (D:12)
  4 phantoms
  2 sky beasts
  An eye of draining (D:11)
  9 ogres
  2 necrophages
  15 centaurs
  A big kobold (D:11)
  10 bullfrogs
  Blork the orc (D:4)
  2 wyvern skeletons
  4 scorpions
  5 killer bees (D:10)
  4 wights (D:13)
  3 jellies
  10 howler monkeys
  8 crimson imps
  5 centaur zombies
  A bullfrog zombie (D:4)
  5 hounds
  9 orc priests
  3 bullfrog skeletons
  Ijyb (D:4)
  3 iguanas (D:11)
  15 orc wizards
  8 worker ants
  A killer bee zombie (D:8)
  3 mummies (Ossuary)
  A howler monkey zombie (D:5)
  A worker ant zombie (D:9)
  Robin (D:4)
  7 adders
  16 gnolls
  2 howler monkey skeletons
  5 shadow imps
  3 oozes
  An adder zombie (D:8)
  4 worms
  3 dart slugs
  12 leopard geckos
  42 orcs
  8 giant cockroaches
  2 gnoll zombies (Ossuary)
  13 hobgoblins
  29 jackals
  9 quokkas
  5 ball pythons
  A ball python skeleton (D:4)
  5 bats
  4 frilled lizards
  A gnoll skeleton (Ossuary)
  18 goblins
  4 goblin skeletons (Ossuary)
  5 goblin zombies (Ossuary)
  3 hobgoblin skeletons (Ossuary)
  5 hobgoblin zombies (Ossuary)
  A jackal skeleton (D:8)
  15 kobolds
  2 kobold skeletons (Ossuary)
  2 kobold zombies (Ossuary)
  3 leopard gecko zombies
  6 orc skeletons (Ossuary)
  6 orc zombies (Ossuary)
  A quokka zombie (D:5)
  6 rats
  7 rat skeletons (Ossuary)
  5 rat zombies (Ossuary)
493 creatures vanquished.

Vanquished Creatures (others)
  An orc (D:4)
  A frilled lizard (D:4)
  A kobold skeleton (Ossuary)
  An orc skeleton (Ossuary)
4 creatures vanquished.

Grand Total: 497 creatures vanquished

Notes
Turn   | Place    | Note
-------+----------+-------------------------------------------
     0 | D:1      | kazar the Formicid Venom Mage began the quest for the Orb.
     0 | D:1      | Reached XP level 1. HP: 13/13 MP: 3/3
   173 | D:1      | Reached skill level 1 in Armour
   173 | D:1      | Reached XP level 2. HP: 19/19 MP: 0/5
   217 | D:1      | Learned a level 2 spell: Poisonous Vapours
   916 | D:1      | Reached XP level 3. HP: 24/24 MP: 3/6
  1808 | D:1      | Reached skill level 2 in Armour
  2038 | D:2      | Reached skill level 1 in Air Magic
  2038 | D:2      | Reached XP level 4. HP: 31/31 MP: 1/7
  2103 | D:2      | Reached XP level 5. HP: 21/36 MP: 0/9
  2479 | D:2      | Found a snail-covered altar of Cheibriados.
  2500 | D:2      | Reached skill level 3 in Armour
  2750 | D:2      | Found a hide-covered altar of Uskayaw.
  2751 | D:2      | Found a basalt altar of Yredelemnul.
  2856 | D:2      | Learned a level 3 spell: Mephitic Cloud
  2980 | D:2      | Reached skill level 5 in Poison Magic
  3196 | D:3      | Reached XP level 6. HP: 42/42 MP: 3/10
  3689 | D:3      | Found a blossoming altar of Fedhas.
  3817 | D:3      | Found a runed translucent gate.
  3818 | D:3      | Found a runed translucent gate.
  3818 | D:3      | Found a runed translucent gate.
  3820 | D:3      | Noticed asdu's ghost (weakling DsAE)
  3959 | D:3      | Found an opulent altar of Gozag.
  4654 | D:4      | Reached skill level 1 in Fighting
  4720 | D:4      | Noticed Blork the orc
  4732 | D:4      | Killed Blork the orc
  4732 | D:4      | Reached XP level 7. HP: 44/48 MP: 2/12
  4797 | D:4      | Reached skill level 1 in Short Blades
  4797 | D:4      | Reached skill level 4 in Armour
  5264 | D:4      | Noticed Pikel
  5361 | D:4      | Killed Pikel
  5361 | D:4      | Reached XP level 8. HP: 52/54 MP: 2/14
  5368 | D:4      | Learned a level 4 spell: Olgreb's Toxic Radiance
  5585 | D:4      | Reached skill level 5 in Armour
  5588 | D:4      | Noticed Robin
  5598 | D:4      | Killed Robin
  6012 | D:4      | Found a blossoming altar of Fedhas.
  6088 | D:4      | Found an iron altar of Okawaru.
  6228 | D:4      | Found a glowing silver altar of Zin.
  6228 | D:4      | Found a radiant altar of Vehumet.
  6228 | D:4      | Found a sacrificial altar of Ru.
  6323 | D:4      | Noticed Ijyb
  6328 | D:4      | Killed Ijyb
  6727 | D:5      | Entered Level 5 of the Dungeon
  6874 | D:4      | Reached XP level 9. HP: 31/59 MP: 8/15
  7480 | D:5      | Reached skill level 6 in Armour
  7677 | D:5      | Found a deep blue altar of Sif Muna.
  7989 | D:5      | Noticed Grinder
  8161 | D:5      | Found a sparkling altar of Nemelex Xobeh.
  8396 | D:6      | Reached skill level 5 in Spellcasting
  8484 | D:6      | Found a sand-covered staircase.
  8486 | D:6      | Found a shimmering altar of Xom.
  8491 | Ossuary  | Entered an ossuary
  8795 | Ossuary  | Noticed Menkaure
  8803 | Ossuary  | Killed Menkaure
  8803 | Ossuary  | Reached skill level 1 in Maces & Flails
  9010 | D:6      | Found a staircase to the Ecumenical Temple.
  9015 | Temple   | Entered the Ecumenical Temple
  9030 | Temple   | Became a worshipper of Qazlal Stormbringer
  9122 | D:6      | Reached skill level 1 in Conjurations
  9313 | D:6      | Reached skill level 7 in Armour
  9418 | D:6      | Reached XP level 10. HP: 67/68 MP: 14/17
 10169 | D:7      | Found a glowing golden altar of the Shining One.
 10221 | D:7      | Reached * piety under Qazlal
 11209 | D:8      | Reached skill level 5 in Fighting
 11209 | D:8      | Reached skill level 8 in Armour
 11980 | D:9      | Reached ** piety under Qazlal
 12062 | D:9      | Reached skill level 9 in Armour
 12088 | D:9      | Reached XP level 11. HP: 78/78 MP: 13/20
 12653 | D:9      | Reached skill level 10 in Armour
 12718 | D:9      | Reached skill level 1 in Shields
 12941 | D:9      | Noticed a two-headed ogre
 12962 | D:9      | Killed a two-headed ogre
 13034 | D:9      | Found a staircase to the Lair.
 13051 | D:9      | You fall into a shaft and drop 1 floor!
 13051 | D:10     | Entered Level 10 of the Dungeon
 13359 | D:10     | Found a staircase to the Orcish Mines.
 13448 | D:10     | Noticed Urug
 13473 | D:10     | Killed Urug
 13473 | D:10     | Reached skill level 11 in Armour
 13583 | D:10     | Noticed Maurice
 13605 | D:10     | Killed Maurice
 13742 | D:10     | Noticed a two-headed ogre
 13753 | D:10     | Killed a two-headed ogre
 13753 | D:10     | Reached *** piety under Qazlal
 14200 | D:10     | Reached skill level 1 in Invocations
 14369 | D:10     | Noticed a two-headed ogre
 14376 | D:10     | Killed a two-headed ogre
 14376 | D:10     | Reached XP level 12. HP: 72/89 MP: 14/22
 15091 | D:11     | Reached skill level 1 in Axes
 15274 | D:11     | Noticed a skeletal warrior
 15274 | D:11     | Noticed a skeletal warrior
 15274 | D:11     | Noticed a skeletal warrior
 15302 | D:11     | Noticed a skeletal warrior
 15343 | D:10     | Killed a skeletal warrior
 15343 | D:10     | Reached skill level 12 in Armour
 15647 | D:11     | Reached skill level 5 in Shields
 15882 | D:11     | Reached **** piety under Qazlal
 15984 | D:11     | Noticed a skeletal warrior
 16011 | D:10     | Killed a skeletal warrior
 16280 | D:10     | Killed a skeletal warrior
 16500 | D:11     | Killed a skeletal warrior
 16846 | D:12     | Noticed a death knight
 16847 | D:12     | Noticed a skeletal warrior
 16854 | D:11     | Reached skill level 5 in Invocations
 16993 | D:12     | Noticed a two-headed ogre
 16999 | D:12     | Killed a two-headed ogre
 16999 | D:12     | Reached XP level 13. HP: 94/98 MP: 8/24
 17101 | D:11     | Gained mutation: You are clumsy. (Dex -2) [potion of
                  | mutation]
 17101 | D:11     | Gained mutation: You occasionally shout uncontrollably at
                  | your foes. [potion of mutation]
 17101 | D:11     | Gained mutation: Your body sometimes deteriorates upon
                  | taking damage. [potion of mutation]
 17101 | D:11     | Gained mutation: You are partially covered in rugged brown
                  | scales. (AC +1, +3% HP) [potion of mutation]
 17181 | D:12     | Reached skill level 5 in Axes
 17399 | D:12     | Learned a level 3 spell: Conjure Flame
 17439 | D:12     | Reached ***** piety under Qazlal
 18130 | D:12     | Found Fupn's Antique Armour Shoppe.
 18297 | D:12     | Found a deep blue altar of Sif Muna.
 18371 | D:13     | Noticed a centaur warrior
 18379 | D:13     | Killed a centaur warrior
 18444 | D:13     | Got an ebony war axe
 18446 | D:13     | Identified the +8 war axe of Ascent {holy, Str+3} (You
                  | found it on level 13 of the Dungeon)
 18827 | D:14     | Noticed a centaur warrior
 18836 | D:14     | Killed a centaur warrior
 19207 | D:14     | Reached skill level 10 in Axes
 19210 | D:14     | Reached XP level 14. HP: 84/108 MP: 13/25
 19524 | D:14     | Found a gate to the Vaults.
 19707 | D:15     | Entered Level 15 of the Dungeon
 19801 | D:15     | Noticed Jorgrun
 19814 | D:15     | HP: 4/108 [Jorgrun/iron shot (10)]
 19814 | D:15     | HP: 1/108 [Jorgrun/uncursed staff of earth (3)]
 19814 | D:15     | Mangled by a two-headed ogre

Levels and vault maps discovered:
D:1:      dpeg_arrival_rhombus, layout_basic
D:2:      minmay_skewed_foursquare, layout_loops_ring, kennysheep_slug_shrine,
          nicolae_overflow_hidden_temple, cheibrodos_gnoll_hut
D:3:      layout_basic, marbit_many_paths, grunt_gozag_statues,
          gammafunk_ghost_necromancy, first_ration
D:4:      layout_layer_cave, gammafunk_temple_overflow_forgotten,
          kennysheep_little_box, fedhas_bush_and_centaur_altar, uniq_pikel,
          uniq_blork_the_orc, uniq_robin, uniq_ijyb
D:5:      layout_rooms, nemelex_altar_shiori, overflow_temple_1_default,
          uniq_grinder
D:6:      layout_gridville, overflow_temple_1_default,
          minmay_temple_entry_nine_rooms, enter_ossuary_1,
          minmay_alternating_orb
D:7:      layout_gridville, old_standard_altar, uniq_menkaure
D:8:      layout_basic
D:9:      layout_irregular_city, erik_lair_orcish_takeover, the_bakery
D:10:     layout_loops_corners, orc_0_dummy, uniq_urug, uniq_maurice
D:11:     layout_roguey, kennysheep_decorative_pillar
D:12:     layout_long_grid, serial_shops, nicolae_shop_window_shopping,
          lemuel_blue_sif_altar
D:13:     layout_rooms
D:14:     layout_irregular_city, david_vaults_1, kennysheep_generic_room_2
D:15:     grunt_enter_depths_hoard, layout_long_grid, uniq_jorgrun
Temple:   compressed_dpeg_triangle_lava_temple

Skill      XL: |  1  2  3  4  5  6  7  8  9 10 11 12 13 |
---------------+----------------------------------------+-----
Armour         | 1 2 3 4 5 7 9 11 12 | 12.0
Air Magic      | 1 2 3 4 |  4.3
Poison Magic   | 5 6 7 8 9 |  9.0
Spellcasting   | 3 4 5 6 7 |  7.4
Fighting       | 1 2 3 6 7 9 |  9.3
Short Blades   | 2 3 4 |  4.1
Maces & Flails | 2 |  2.1
Conjurations   | 1 3 |  3.2
Shields        | 3 6 9 |  9.0
Invocations    | 2 5 |  5.0
Axes           | 4 10 | 10.7
Dodging        | |  1.7
Stealth        | |  2.4

Action                   |  1- 3 |  4- 6 |  7- 9 | 10-12 | 13-15 || total
-------------------------+-------+-------+-------+-------+-------++-------
Melee: Whip              |    63 |   203 |       |    25 |       ||   291
       Dagger            |       |    91 |   221 |   410 |     7 ||   729
       Flail             |       |       |   137 |   149 |    17 ||   303
       Battleaxe         |       |       |       |    35 |   118 ||   153
       War axe           |       |       |       |       |   103 ||   103
Throw: Stone             |       |     5 |     2 |       |       ||     7
       Boomerang         |       |       |       |    12 |       ||    12
       Javelin           |       |       |       |     7 |       ||     7
 Cast: Sting             |    17 |       |       |       |       ||    17
       Poisonous Vapours |    15 |    35 |    85 |   154 |    27 ||   316
       Olgreb's Toxic Ra |       |       |     1 |    32 |    15 ||    48
Evoke: Wand              |       |       |     4 |    15 |       ||    19
  Use: Potion            |       |     1 |     1 |       |     1 ||     3
       Scroll            |       |     5 |    11 |     3 |    10 ||    29
 Stab: Sleeping          |       |     2 |       |       |       ||     2
  Eat: Chunk             |     5 |    11 |    17 |    30 |    12 ||    75
       Ration            |       |       |     1 |       |       ||     1
Armor: Ring mail         |    31 |   126 |   188 |    71 |       ||   416
       Leather armour    |     1 |       |       |       |       ||     1
       Skin              |       |    21 |       |       |       ||    21
       Fire dragon scale |       |       |       |   225 |   124 ||   349
Dodge: Dodged            |    64 |   190 |   196 |   239 |    65 ||   754
       Deflected         |       |       |       |     7 |     2 ||     9
Block: Other             |       |       |       |    12 |       ||    12
       Buckler           |       |       |       |    83 |       ||    83
       Shield            |       |       |       |   143 |   231 ||   374

Table legend:
 A = Non-vault XP
 B = Vault XP
 C = Vault XP percentage of total XP
 D = Non-vault monster count
 E = Vault monster count
 F = Vault count percentage of total count
                 A         B        C        D         E       F
            +---------+---------+-------+---------+---------+-------
      Total |   41102 |    6585 |  13.8 |     389 |      94 |  19.5
            +---------+---------+-------+---------+---------+-------
        D:1 |      53 |       0 |   0.0 |      33 |       0 |   0.0
        D:2 |     155 |      41 |  20.9 |      36 |       9 |  20.0
        D:3 |     132 |       3 |   2.2 |      21 |       1 |   4.5
        D:4 |     983 |     915 |  48.2 |      39 |      16 |  29.1
        D:5 |     732 |       0 |   0.0 |      18 |       0 |   0.0
        D:6 |     508 |     306 |  37.6 |      11 |       8 |  42.1
        D:7 |    1178 |       0 |   0.0 |      25 |       0 |   0.0
        D:8 |    1212 |       0 |   0.0 |      22 |       0 |   0.0
        D:9 |    3471 |     856 |  19.8 |      24 |      10 |  29.4
       D:10 |    6311 |    1296 |  17.0 |      32 |       2 |   5.9
       D:11 |    8588 |       0 |   0.0 |      49 |       0 |   0.0
       D:12 |    7306 |       0 |   0.0 |      48 |       0 |   0.0
       D:13 |    2149 |       0 |   0.0 |      10 |       0 |   0.0
       D:14 |    7496 |    2904 |  27.9 |      17 |       4 |  19.0
       D:15 |     828 |       0 |   0.0 |       4 |       0 |   0.0
    Ossuary |       0 |     264 | 100.0 |       0 |      44 | 100.0
            +---------+---------+-------+---------+---------+-------
